 Dungeon Crawl Stone Soup version 0.29-a0-380-gf50f0a9fbc (webtiles) character file.

Game seed: 11423147138018904515

33 Antichthon the Skirmisher (level 3, -1/29 HPs)
             Began as a Formicid Abyssal Knight on May 5, 2022.
             Was a Believer of Lugonu.
             Slain by a jackal (2 damage)
             ... on level 2 of the Dungeon.
             The game lasted 00:02:10 (1638 turns).

Antichthon the Skirmisher (Formicid Abyssal Knight) Turns: 1638, Time: 00:02:10

Health: -1/29      AC:  3    Str: 17    XL:     3   Next: 47%
Magic:  4/4        EV: 11    Int:  9    God:    Lugonu [**....]
Gold:   51         SH:  0    Dex: 13    Spells: 2/2 levels left

rFire   . . .      SeeInvis +   a - +1 falchion
rCold   . . .      Faith    .   (no shield)
rNeg    . . .      Spirit   .   b - +0 leather armour
rPois   .          Reflect  .   (helmet unavailable)
rElec   .          Harm     .   (no cloak)
rCorr   .          Rampage  .   (no gloves)
Will    .....                   (no boots)
Stlth   +.........              (no amulet)
HPRegen 0.09/turn               (no ring)
MPRegen 0.09/turn               (no ring)

@: no status effects
A: permanent stasis, dig shafts and tunnels, antennae 3, four strong arms
a: Dig, Shaft Self, Renounce Religion, Depart the Abyss, Bend Space


You were on level 2 of the Dungeon.
You worshipped Lugonu.
Lugonu was pleased with you.
You visited 1 branch of the dungeon, and saw 2 of its levels.
You visited the Abyss 1 time.

You collected 51 gold pieces.

Inventory:

Hand Weapons
 a - a +1 falchion (weapon)
Armour
 b - a +0 leather armour (worn)
Potions
 i - a potion of haste {unknown}


   Skills:
 * Level 3.6 Fighting
 * Level 2.3 Long Blades
 * Level 0.7 Crossbows
 * Level 2.5 Armour
 * Level 1.0 Dodging
 * Level 0.4 Stealth
 * Level 0.4 Shields
 * Level 2.4 Invocations
 * Level 0.2 Evocations


You had 2 spell levels left.
You didn't know any spells.
Your spell library contained the following spells:

 Spells                   Type           Power      Damage    Failure   Level
 Dazzling Flash           Conj/Hex       0%         N/A       82%         3
 Metabolic Englaciation   Hex/Ice        0%         N/A       100%        5


Dungeon Overview and Level Annotations

Branches:
Dungeon (2/15)

Altars:


Innate Abilities, Weirdness & Mutations

You cannot be hasted, slowed, berserked, paralysed or teleported.
You can dig through walls and to a lower floor.
You have a pair of large antennae on your head. (SInv)
Your four strong arms can wield two-handed weapons with a shield.


Message History

The endoplasm hits you but does no damage.
You hit the jackal.
The jackal is almost dead.
The jackal completely misses you. The endoplasm freezes you.
You are frozen.
The jackal bites you.
You hit the jackal but do no damage.
The jackal is almost dead.
The endoplasm freezes you.
You are frozen.
* * * LOW HITPOINT WARNING * * *
The jackal misses you.
You barely miss the jackal.
The jackal is almost dead.
The jackal bites you but does no damage.
The endoplasm freezes you.
You are frozen.
* * * LOW HITPOINT WARNING * * *
The jackal bites you but does no damage.
The endoplasm closely misses you. The jackal attacks as you move away!
The jackal barely misses you. x2
The jackal attacks as you move away! The jackal closely misses you.
The jackal barely misses you. The jackal attacks as you move away!
The jackal bites you.
* * * LOW HITPOINT WARNING * * *
You feel better. The jackal bites you.
* * * LOW HITPOINT WARNING * * *
The jackal misses you.
You see here a rat corpse.
The jackal bites you.
* * * LOW HITPOINT WARNING * * *
You barely miss the jackal.
The jackal is severely wounded.
The jackal bites you.
* * * LOW HITPOINT WARNING * * *
Unknown command.
It was a potion of magic.
Magic courses through your body.
The jackal bites you but does no damage.
The jackal bites you.
You die...

### #.######
#......#
#.####.# #.#
#.######### #.#
#........<#
#.##############
#.....KJh@.....#
######.######.##
#K..##
######...#
#........#
#.#K##.#.#
#...#).#..#
#..#.##)#.#
#..#h #.#


You could see an endoplasm, a jackal and a kobold.

Vanquished Creatures
  A dart slug (D:1)
  3 bats (D:1)
  3 endoplasms
  3 goblins
  3 hobgoblins (D:1)
  6 jackals (D:1)
  2 ball pythons (D:1)
  3 frilled lizards (D:1)
  A kobold (D:1)
  3 rats
28 creatures vanquished.

Notes
Turn   | Place    | Note
-------+----------+-------------------------------------------
     0 | Abyss:1  | Antichthon the Formicid Abyssal Knight began the quest for
                  | the Orb.
     0 | Abyss:1  | Reached XP level 1. HP: 18/18 MP: 2/2
     1 | D:1      | Escaped the Abyss
   163 | D:1      | Reached ** piety under Lugonu
   195 | D:1      | Reached XP level 2. HP: 18/24 MP: 3/3
   756 | D:1      | Reached skill level 1 in Dodging
   905 | D:1      | Reached XP level 3. HP: 27/29 MP: 4/4
  1619 | D:2      | Got the Incunabulum of Malediction
  1637 | D:2      | HP: 1/29 [jackal (1)]
  1638 | D:2      | Slain by a jackal

Illustrated notes

Levels and vault maps discovered:
D:1:      wander_arrival_desolate, layout_basic, bh_walls_and_bars
D:2:      layout_basic, shapermc_ecumenical_altar_flowoftime, minivault_5,
          minmay_small_reverse_x

Skill      XL: |  1  2 |
---------------+-------+-----
Dodging        | 1 |  1.0
Fighting       | |  3.6
Long Blades    | |  2.3
Crossbows      | |  0.7
Armour         | |  2.5
Stealth        | |  0.4
Shields        | |  0.4
Invocations    | |  2.4
Evocations     | |  0.2

Action                   || total
-------------------------++-------
Melee: Falchion          ||    98
       Punch             ||     2
Invok: Depart the Abyss  ||     1
       Bend Space        ||     1
  Use: Scroll            ||     5
       Potion            ||     2
 Stab: Sleeping          ||     2
Armor: Leather armour    ||    41
Dodge: Dodged            ||    97

Table legend: (Time is in decaauts)
 A = Elapsed time spent in this place.
 B = Non-inter-level travel time spent in this place.
 C = Inter-level travel time spent in this place.
 D = Time resting spent in this place.
 E = Time spent auto-exploring this place.
 F = Levels seen in this place.
 G = Mean time per level.
                   A        B        C        D        E       F      G
               +--------+--------+--------+--------+--------+-----+--------+
         Total |   1656 |   1609 |     47 |     32 |   1294 |   3 |  552.0 |
       Dungeon |   1655 |   1608 |     47 |     32 |   1294 |   2 |  827.5 |
         Abyss |      1 |      1 |      0 |      0 |      0 |   1 |    1.0 |
               +--------+--------+--------+--------+--------+-----+--------+

Top non-repeatable levels by time:
     D:1: 1585 daAuts
     D:2: 69 daAuts
 Abyss:1: 1 daAuts
